Map: Site Delta LE

Players

Subwayeatn - Winner!

  • Race: Zerg Zerg
  • League: Platinum
  • Spawn Location: 5:00

Agrekan

  • Race: Terran Terran
  • League: Platinum
  • Spawn Location: 11:00

VOD

Have the link to the VOD?

Description

Time

  • Played on: Oct. 27, 2023, 6:40 p.m.
  • Length: 2:25
Show
View Real Time Build Order
Export as new Build Order

Subwayeatn Zerg - Winner!

Build Orders: Pool First 

Get SALT Encoding   

  12  0:18  Spawning Pool  
  11  0:21  Drone  
  11  0:26  Drone  
  13  0:31  Drone  
  14  0:41  Overlord  
  14  1:06  Zergling x2  
  14  1:09  Hatchery  
  14  1:12  Zergling x2  
  14  1:15  Zergling x2  
  16  1:19  Zergling x2  
  17  1:28  Zergling x2  
  18  1:37  Queen  
  20  1:57  Overlord  
Show
View Real Time Build Order
Export as new Build Order

Agrekan Terran 

Build Orders:  

Get SALT Encoding   

  12  0:00  SCV  
  13  0:12  SCV  
  14  0:17  Supply Depot  
  14  0:24  SCV  
  15  0:40  Barracks, SCV  
  16  0:52  SCV  
  17  1:04  SCV  
  18  1:16  SCV  
  19  1:21  Command Center  
  19  1:28  Supply Depot  
  19  1:29  Marine  
  20  1:44  Orbital Command  
  20  1:54  Marine  
  20  1:59  Barracks  
Tags
 
Matchup
TvZ
Opening
Pool First
Replay Pack
Multiplayer
Spawn Locations
Cross Positions
Add a new tag
Caveats
  • Supply blocks, unpowered buildings, or Contaminate may cause inaccurate times.
  • Supply counts are checked every 10 seconds.